 Dungeon Crawl Stone Soup version 0.27.1-33-g824d729ab1 (webtiles) character file.

Game seed: 40983581308253941

69 Zeppo the Skirmisher (level 4, 0/41 HPs)
             Began as a Minotaur Fighter on Dec 4, 2021.
             Succumbed to a scorpion's poison
             ... on level 3 of the Dungeon.
             The game lasted 00:02:17 (198 turns).

Zeppo the Skirmisher (Minotaur Fighter)              Turns: 198, Time: 00:02:18

Health: 0/41       AC:  6    Str: 22    XL:     4   Next: 2%
Magic:  3/3        EV:  7    Int:  5    God:
Gold:   16         SH:  9    Dex:  9    Spells: 3/3 levels left

rFire    . . .     SeeInvis .   a - +0 trident
rCold    . . .     Faith    .   c - +0 kite shield
rNeg     . . .     Spirit   .   b - +0 scale mail
rPois    .         Reflect  .   (helmet restricted)
rElec    .         Harm     .   (no cloak)
rCorr    .         Rampage  .   (no gloves)
Will     .....                  (no boots)
Stlth    ..........             (no amulet)
HPRegen  0.13/turn              (no ring)
MPRegen  0.08/turn              (no ring)

@: lethally poisoned (0 -> -11)
A: horns 2, retaliatory headbutt
a: no special abilities


You were on level 3 of the Dungeon.
You visited 1 branch of the dungeon, and saw 3 of its levels.

You collected 16 gold pieces.

Inventory:

Hand Weapons
 a - a +0 trident (weapon)
Armour
 b - a +0 scale mail (worn)
 c - a +0 kite shield (worn)
Potions
 d - 3 potions of might


   Skills:
 + Level 4.9 Fighting
 + Level 4.1 Polearms
 - Level 3.6 Armour
 - Level 3.6 Shields


You had 3 spell levels left.
You didn't know any spells.
Your spell library was empty.

Dungeon Overview and Level Annotations

Branches:
Dungeon (3/15)

Altars:
Ashenzari
Dithmenos
Elyvilon
Ru
Zin

Shops:
D:2 =[


Innate Abilities, Weirdness & Mutations

You have a pair of horns on your head.
You reflexively headbutt those who attack you in melee.


Message History

A scorpion comes into view.
You reach to attack!
You puncture the scorpion!
The scorpion is severely wounded.
You block the scorpion's attack.
You hit the scorpion. Your headbutt misses the scorpion.
The scorpion is almost dead.
You block the scorpion's attack. The scorpion stings you.
You are poisoned.
The scorpion poisons you!
You barely miss the scorpion.
The scorpion is almost dead.
You feel very sick. You block the scorpion's attack.
Your scale mail prevents you from hitting the scorpion.
Your headbutt misses the scorpion.
The scorpion is almost dead.
You feel very sick. The scorpion stings you.
You are lethally poisoned!
The scorpion poisons you! You block the scorpion's attack.
You hit the scorpion but do no damage. Your headbutt misses the scorpion.
The scorpion is almost dead.
* * * LOW HITPOINT WARNING * * *
You feel very sick. You block the scorpion's attack. The scorpion stings you.
* * * LOW HITPOINT WARNING * * *
You puncture the scorpion!
You kill the scorpion!
* * * LOW HITPOINT WARNING * * *
You feel very sick.
Your Polearms skill increases to level 4!
You have reached level 3!
Your experience leads to an increase in your attributes!
Increase (S)trength, (I)ntelligence, or (D)exterity?
You feel stronger.
You have reached level 4!
You feel stronger.
There is a lethal amount of poison in your body!
There is a lethal amount of poison in your body!
You die...

####. #....###
#..#...###
#...._...#
#.._.....##
#.........#
#....⌠.._.#
###.........#####.#
....._†@..........#
......._...######.#
###.##....## #
####.######
#..†........
#.##########
#.############
#............#
#.###........#


There were no monsters in sight!

Vanquished Creatures
  A scorpion (D:3)
  A dart slug (D:3)
  A ball python (D:1)
  2 endoplasms
  A hobgoblin (D:3)
  2 jackals (D:1)
  A quokka (D:2)
  A kobold (D:2)
10 creatures vanquished.

Notes
Turn   | Place    | Note
-------+----------+-------------------------------------------
     0 | D:1      | Zeppo the Minotaur Fighter began the quest for the Orb.
     0 | D:1      | Reached XP level 1. HP: 19/19 MP: 0/0
    84 | D:2      | Found Lohoc's Antique Armour Shop.
   107 | D:2      | Found Seosk's Jewellery Shoppe.
   141 | D:2      | Reached XP level 2. HP: 27/27 MP: 1/1
   166 | D:3      | Found a sacrificial altar of Ru.
   167 | D:3      | Found a shadowy altar of Dithmenos.
   167 | D:3      | Found a broken altar of Ashenzari.
   167 | D:3      | Found a glowing silver altar of Zin.
   183 | D:3      | Found a white marble altar of Elyvilon.
   189 | D:3      | Noticed a scorpion
   197 | D:3      | Killed a scorpion
   198 | D:3      | Reached XP level 3. HP: 3/35 MP: 2/2
   198 | D:3      | Reached XP level 4. HP: 3/41 MP: 3/3
   198 | D:3      | Succumbed to a scorpion's poison

Illustrated notes

Levels and vault maps discovered:
D:1:      beargit_arrival_diablo_church, layout_loops_cross, minivault_25,
          columned_hall_lemuel
D:2:      layout_basic, serial_shops, shop, nicolae_square_shop,
          nicolae_square_shop, nicolae_shop_trees, shop_statue,
          chequers_serial_rivers_micro_c, chequers_serial_rivers_small_3,
          minmay_pentomino_r2
D:3:      layout_loops_ring, grunt_temple_overflow_open,
          chequers_ecumenical_altar_island, dk_noncrumbling_4

Skill      XL: |  1  2 |
---------------+-------+-----
Fighting       | 4 |  4.9
Polearms       | 4 |  4.1
Armour         | |  3.6
Shields        | |  3.6

Action                   |  1- 3 |  4- 6 || total
-------------------------+-------+-------++-------
Melee: Trident           |    23 |       ||    23
Armor: Scale mail        |     6 |       ||     6
Dodge: Dodged            |     3 |       ||     3
Block: Kite shield       |    10 |       ||    10
